 Dungeon Crawl Stone Soup version 0.14.2 (webtiles) character file.

13846 fredomojojo the Grappler (level 11, 0/109 HPs)
             Began as a Troll Berserker on Nov 21, 2015.
             Was a High Priest of Trog.
             Slain by a nine-headed hydra (2 damage)
             ... on Level 3 of the Lair of Beasts.
             The game lasted 03:06:53 (8359 turns).

fredomojojo the Grappler (Troll Berserker)          Turns: 8359, Time: 03:06:53

HP   0/109       AC 15     Str 31      XL: 11   Next: 72%
MP   7/7         EV 14     Int  6      God: Trog [*****.]
Gold 670         SH  0     Dex 12      Spells:  0 memorised, 10 levels left

rFire  + . .     SeeInvis .       - Unarmed
rCold  . . .     Clarity  .     B - +2 robe {rF+}
rNeg   . . .     Conserve .     (shield restricted)
rPois  .         rCorr    .     q - +2 hat {Int+3}
rElec  .         rRot     .     w - +0 cloak
SustAb . .       Spirit   .     (gloves unavailable)
rMut   .         Warding  .     (boots unavailable)
Gourm  +         Stasis   .     (no amulet)
MR     .....                    n - +4 ring of strength
                                r - +5 ring of protection

@: not resistant to hostile enchantments, fairly stealthy
A: unfitting armour, claws 3, fast metabolism 3, gourmand, regeneration 2,
saprovore 2, shaggy fur 1, tough skin 2
a: Burn Spellbooks, Berserk, Trog's Hand, Brothers in Arms, Renounce Religion


You were on level 3 of the Lair of Beasts.
You worshipped Trog.
Trog was extremely pleased with you.
You were not hungry.

You visited 3 branches of the dungeon, and saw 15 of its levels.

You collected 670 gold pieces.

Inventory:

Hand weapons
 H - a +1,+1 quarterstaff of speed
Missiles
 d - 7 darts of dispersal
 j - 49 darts (quivered)
 R - 9 poisoned darts
 U - 2 throwing nets
Armour
 q - a +2 hat of intelligence (worn)
 w - a +0 cloak (worn)
 B - a +2 robe of fire resistance (worn)
Magical devices
 g - a wand of flame (0)
 k - a wand of fireball (0)
 p - a wand of disintegration (11)
 u - a wand of teleportation (2) {unknown}
 y - a wand of fire (0)
 E - a wand of digging (10)
 I - a wand of digging (13)
 J - a wand of confusion (12)
Comestibles
 h - 5 rotting chunks of sheep flesh
 i - an apple
 G - a meat ration
 K - 12 rotting chunks of sheep flesh
 L - 2 rotting chunks of quokka flesh
 P - a chunk of iguana flesh
 Q - a chunk of rat flesh
 V - a chunk of quokka flesh
Scrolls
 a - 2 scrolls of identify
 b - 2 scrolls of remove curse
 e - 6 scrolls of teleportation
 s - 3 scrolls of fear
 v - 2 scrolls of fog
 x - a scroll of summoning {unknown}
 N - 3 scrolls of enchant weapon I
 S - 4 scrolls of recharging
Jewellery
 c - an uncursed ring of teleportation
 n - a +4 ring of strength (right claw)
 r - a +5 ring of protection (left claw)
 z - an uncursed ring of protection from cold
 A - an uncursed ring of protection from cold
 C - an uncursed ring of positive energy
Potions
 f - 3 potions of curing
 l - a potion of beneficial mutation
 m - a potion of haste {unknown}
 o - 2 potions of heal wounds
 t - 2 potions of brilliance
 D - a potion of resistance {unknown}
 F - a potion of might
 O - a potion of magic {unknown}
Miscellaneous
 M - a phial of floods
 T - a fan of gales


   Skills:
 + Level 7.3 Fighting
 + Level 4.8 Throwing
 + Level 9.7 Dodging
 + Level 2.3 Stealth
 + Level 11.4 Unarmed Combat
 + Level 1.9 Evocations


You had 10 spell levels left.
You didn't know any spells.

Dungeon Overview and Level Annotations

Branches:
Dungeon (10/15)            Temple (0/1) D:4            Lair (4/8) D:9
 Spider (1/5) Lair:3
    Orc: D:9-12       Swamp: Lair:3-6    Shoals: Lair:3-6     Snake: Lair:3-6

Altars:
Cheibriados
Elyvilon
Kikubaaqudgha
Makhleb
Okawaru
Vehumet
Xom
Yredelemnul
The Shining One

Shops:
D:4 %


Innate Abilities, Weirdness & Mutations

You are too large for most types of armour.
You have claws for hands.
Your metabolism is lightning-fast.
You like to eat raw meat.
You heal very quickly.
You can eat rotten meat.
You are covered in fur (AC +1).
You have very tough skin (AC +2).


Message History

The nine-headed hydra bites you!
* * * LOW HITPOINT WARNING * * *
The nine-headed hydra bites you.
* * * LOW HITPOINT WARNING * * *
Use which ability? (? or * to list)
Your deep troll goes berserk!
You feel somewhat more hungry.
The six-headed hydra bites you but does no damage. x2
The six-headed hydra barely misses you.
The six-headed hydra closely misses you.
The six-headed hydra bites you but does no damage.
The six-headed hydra misses you. The nine-headed hydra bites you.
* * * LOW HITPOINT WARNING * * *
The nine-headed hydra bites you but does no damage.
The nine-headed hydra bites you!
* * * LOW HITPOINT WARNING * * *
The nine-headed hydra bites you.
* * * LOW HITPOINT WARNING * * *
The nine-headed hydra misses you. The nine-headed hydra bites you.
You die...

....# ....##
.....# ....##
.....# ....##
....###########
....f##.#...#.####
.....P....(....#@#
..............TDD#
.................#
##..#P...........#
#.###...........#
#. #.........#..#
.. #...........$##
?.. ##.........#.#
... ###.....##..#


You could see a nine-headed hydra (bleeding), a six-headed hydra and a friendly
deep troll (berserk).

Vanquished Creatures
  Gastronok (Lair:2)
  A hydra (Lair:3)
  Pikel (D:7)
  Joseph (D:7)
  An oklob plant (Lair:2)
  A black mamba (Lair:1)
  2 spiny frogs
  A fire drake (D:9)
  2 komodo dragons (Lair:1)
  A jumping spider (Lair:3)
  Prince Ribbit (D:5)
  A basilisk (Lair:1)
  A redback (Spider:1)
  A shark (Lair:1)
  14 yaks (D:9)
  Eustachio (D:5)
  A hill giant skeleton (D:8)
  A steam dragon (Lair:2)
  A necrophage (D:6)
  5 water moccasins
  4 porcupines
  An ogre (D:4)
  A phantom (D:5)
  A sky beast (D:5)
  A crocodile (Lair:2)
  An orc warrior (D:5)
  A giant goldfish (Spider:1)
  17 big kobolds (D:8)
  3 giant slugs
  7 giant frogs
  A water moccasin zombie (D:8)
  A troll zombie (D:9)
  A giant goldfish zombie (D:8)
  4 scorpions
  A hippogriff zombie (D:9)
  5 wights (D:8)
  2 goliath beetles
  2 crimson imps
  4 hounds
  2 quasits
  A big fish (Lair:1)
  A jelly (D:9)
  3 iguanas
  Crazy Yiuf (D:5)
  An orange rat (D:9)
  An orc priest (D:9)
  2 orc wizards
  9 sheep (Lair:3)
  4 worker ants
  Ijyb (D:7)
  A big fish zombie (D:8)
  4 gnolls (D:5)
  12 adders
  6 green rats (D:9)
  A shadow imp (D:8)
  4 worms
  A giant mite (Lair:3)
  An adder skeleton (D:4)
  An iguana skeleton (D:6)
  4 giant geckos
  23 orcs
  5 giant cockroaches
  14 goblins
  10 hobgoblins
  12 jackals
  33 kobolds
  7 quokkas
  3 ball pythons
  14 bats
  3 giant newts
  A hobgoblin skeleton (D:4)
  A hobgoblin zombie (D:5)
  A kobold skeleton (D:6)
  2 kobold zombies (D:5)
  3 orc skeletons
  24 rats
  3 fungi
317 creatures vanquished.

Vanquished Creatures (others)
  A plant (Lair:3)
1 creature vanquished.

Grand Total: 318 creatures vanquished

Notes
Turn   | Place    | Note
--------------------------------------------------------------
     0 | D:1      | fredomojojo, the Troll Berserker, began the quest for the Orb.
     0 | D:1      | Reached XP level 1. HP: 22/22 MP: 1/1
   323 | D:1      | Reached XP level 2. HP: 29/29 MP: 1/1
   691 | D:2      | Noticed a big fish
   693 | D:2      | Found a white marble altar of Elyvilon.
   740 | D:2      | Reached XP level 3. HP: 33/36 MP: 2/2
   924 | D:2      | Acquired Trog's second power
  1523 | D:3      | Reached XP level 4. HP: 44/44 MP: 2/2
  1525 | D:3      | Reached skill level 4 in Unarmed Combat
  1656 | D:2      | Found a radiant altar of Vehumet.
  1722 | D:4      | Noticed an ogre
  1737 | D:4      | Killed an ogre
  1737 | D:4      | Reached XP level 5. HP: 21/53 MP: 2/2
  1763 | D:4      | Found an ancient bone altar of Kikubaaqudgha.
  1824 | D:4      | Reached XP level 6. HP: 59/61 MP: 3/3
  1901 | D:5      | Entered Level 5 of the Dungeon
  1935 | D:4      | Found a shimmering altar of Xom.
  1951 | D:4      | Found a shimmering altar of Xom.
  1951 | D:4      | Found a shimmering altar of Xom.
  1952 | D:4      | Found a shimmering altar of Xom.
  1952 | D:4      | Found a shimmering altar of Xom.
  2000 | D:4      | Found a burning altar of Makhleb.
  2235 | D:4      | Paralysed by a potion of paralysis for 3 turns
  2252 | D:4      | Reached skill level 5 in Unarmed Combat
  2263 | D:4      | Found a staircase to the Ecumenical Temple.
  2319 | D:4      | Found Strypt's Food Shop.
  2443 | D:5      | Noticed Eustachio
  2470 | D:5      | Killed Eustachio
  2470 | D:5      | Reached XP level 7. HP: 49/67 MP: 3/3
  2498 | D:5      | Noticed Prince Ribbit
  2578 | D:5      | Killed Prince Ribbit
  2578 | D:5      | Reached skill level 1 in Throwing
  2578 | D:5      | Reached skill level 5 in Dodging
  2578 | D:5      | Reached skill level 6 in Unarmed Combat
  3007 | D:5      | Reached XP level 8. HP: 70/78 MP: 3/3
  3098 | D:5      | Noticed Crazy Yiuf
  3104 | D:5      | Killed Crazy Yiuf
  3201 | D:5      | Found an iron altar of Okawaru.
  3336 | D:5      | Acquired Trog's third power
  3716 | D:7      | Noticed Ijyb
  3726 | D:7      | Killed Ijyb
  3791 | D:7      | Noticed Joseph
  3801 | D:7      | Reached skill level 7 in Unarmed Combat
  3835 | D:7      | Killed Joseph
  3835 | D:7      | Reached skill level 1 in Stealth
  4200 | D:8      | Reached XP level 9. HP: 72/85 MP: 4/4
  4241 | D:7      | Noticed Pikel
  4288 | D:7      | Killed Pikel
  4288 | D:7      | Reached skill level 5 in Fighting
  4288 | D:7      | Reached skill level 8 in Unarmed Combat
  4915 | D:9      | Found a snail-covered altar of Cheibriados.
  5125 | D:8      | Reached skill level 9 in Unarmed Combat
  5151 | D:8      | Reached XP level 10. HP: 89/97 MP: 5/5
  5532 | D:8      | Found a basalt altar of Yredelemnul.
  5656 | D:10     | Entered Level 10 of the Dungeon
  5968 | D:9      | Noticed a fire drake
  5976 | D:9      | Found a staircase to the Lair.
  5980 | D:9      | Killed a fire drake
  5980 | D:9      | Reached skill level 10 in Unarmed Combat
  6084 | D:9      | Reached skill level 1 in Evocations
  6201 | D:9      | Received a gift from Trog
  6401 | Lair:1   | Entered Level 1 of the Lair of Beasts
  6527 | Lair:1   | Noticed a black mamba
  6533 | Lair:1   | Killed a black mamba
  6694 | Lair:1   | Reached XP level 11. HP: 48/107 MP: 5/5
  7287 | Lair:2   | Noticed Gastronok
  7303 | Lair:2   | Found a glowing golden altar of the Shining One.
  7315 | Lair:2   | Killed Gastronok
  7315 | Lair:2   | Reached skill level 11 in Unarmed Combat
  7531 | Lair:2   | Found a dark tunnel.
  8037 | Lair:3   | Noticed a six-headed hydra
  8048 | Lair:3   | Killed a ten-headed hydra
  8213 | Lair:3   | Found a hole to the Spider Nest.
  8229 | Spider:1 | Entered Level 1 of the Spider Nest
  8249 | Spider:1 | Noticed an orb spider
  8343 | Lair:3   | Noticed a five-headed hydra
  8349 | Lair:3   | Noticed a six-headed hydra
  8359 | Lair:3   | HP: 2/109 [nine-headed hydra (4)]
  8359 | Lair:3   | Slain by a nine-headed hydra

Action                   |  1- 3 |  4- 6 |  7- 9 | 10-12 || total
-------------------------+-------+-------+-------+-------++-------
Melee: Unarmed           |    69 |   142 |   333 |   447 ||   991
 Fire: Sling             |       |       |     8 |       ||     8
Throw: Dart              |     1 |     8 |    20 |    39 ||    68
Invok: Berserk           |     1 |     2 |     2 |     1 ||     6
       Burn Spellbooks   |       |       |     1 |       ||     1
       Trog's Hand       |       |       |       |     1 ||     1
       Brothers in Arms  |       |       |       |     1 ||     1
 Abil: Evoke Teleportati |       |       |     3 |     1 ||     4
Evoke: Wand              |       |       |     6 |    16 ||    22
  Use: Potion            |     3 |     2 |     1 |     4 ||    10
       Scroll            |     3 |     5 |     8 |     3 ||    19
 Stab: Sleeping          |       |       |     1 |     2 ||     3
